 Dungeon Crawl Stone Soup version 0.26-a0-597-gb535b0901c (webtiles) character file.

Game seed: 9329317370805381461

(classic levelgen) 10795 EnegeticOcto the Cleaver (level 11, -4/100 HPs)
             Began as a Deep Dwarf Fighter on Aug 29, 2020.
             Was a Believer of Makhleb.
             Slain by an orc warrior
             ... wielding a +0 halberd
              (12 damage)
             ... on level 10 of the Dungeon.
             The game lasted 00:05:11 (4917 turns).

EnegeticOcto the Cleaver (Deep Dwarf Fighter)       Turns: 4917, Time: 00:05:12

Health: -4/100     AC: 14    Str: 23    XL:     11   Next: 40%
Magic:  0/0        EV:  6    Int:  9    God:    Makhleb [**....]
Gold:   521        SH: 12    Dex: 12    Spells: 10/10 levels left

rFire    . . .     SeeInvis .   a - +1 war axe
rCold    . . .     Faith    .   c - +0 kite shield
rNeg     . . .     Spirit   .   o - +0 plate armour
rPois    .         Reflect  .   s - +0 helmet
rElec    .         Harm     .   x - +0 cloak
rCorr    .                      n - +0 pair of gloves
MR       +....                  (no boots)
Stlth    ..........             (no amulet)
HPRegen  0.00/turn              i - -4 ring of protection
MPRegen  0.07/turn              (no ring)

@: non-regenerating
A: damage resistance, heal wounds, sense surroundings 2, no regeneration
a: Heal Wounds, Minor Destruction, Renounce Religion


You were on level 10 of the Dungeon.
You worshipped Makhleb.
Makhleb was pleased with you.
You visited 2 branches of the dungeon, and saw 11 of its levels.
You also visited: Ossuary.

You collected 521 gold pieces.

Inventory:

Hand Weapons
 a - a +1 war axe (weapon)
 b - a +3 scimitar of flaming
Missiles
 m - 5 throwing nets (quivered)
Armour
 c - a +0 kite shield (worn)
 n - a +0 pair of gloves (worn)
 o - a +0 plate armour (worn)
 s - a +0 helmet (worn)
 x - a +0 cloak (worn)
Jewellery
 i - a -4 ring of protection (left hand)
Wands
 r - a wand of iceblast (4) {@v2}
Scrolls
 t - a scroll of enchant weapon
 u - 2 scrolls of blinking
 v - a scroll of magic mapping {unknown}
 y - a scroll of teleportation {@r3}
Potions
 d - 4 potions of might {@q3}
 e - 2 potions of berserk rage
 f - 3 potions of ambrosia
 g - 6 potions of curing {@q1}
 j - 3 potions of mutation {unknown}
 k - 3 potions of stabbing {@q5}
 l - 3 potions of heal wounds {@q2}
 p - 3 potions of invisibility {unknown}
 q - 2 potions of haste {unknown}
 w - a potion of magic {unknown}
Miscellaneous
 h - a phantom mirror


   Skills:
 + Level 7.6 Fighting
 * Level 12.0 Axes
 + Level 9.1 Armour
 + Level 9.2 Shields
 + Level 7.0 Invocations


You had 10 spell levels left.
You didn't know any spells.
Your spell library was empty.

Dungeon Overview and Level Annotations

Branches:
Dungeon (10/15)            Temple (1/1) D:7            Lair (0/6) D:10
Ossuary (visited)
    Orc: D:9-12

Altars:
Ashenzari
Cheibriados
Dithmenos
Elyvilon
Gozag
Kikubaaqudgha
Makhleb
Nemelex Xobeh
Okawaru
Sif Muna
Trog
Uskayaw
Vehumet
Wu Jian
Yredelemnul
Zin
The Shining One

Shops:
D:5 :   D:10 [


Innate Abilities, Weirdness & Mutations

You are resistant to damage.
You can heal yourself by infusing magical energy.
You passively map the area around you.
You do not regenerate.


Message History

The orc warrior hits you from afar with a +0 halberd!
* * * LOW HITPOINT WARNING * * *
The orc warrior hits you from afar with a +0 glaive.
You are too injured to fight recklessly!
You are too injured to fight recklessly!
You are too injured to fight recklessly!
You are too injured to fight recklessly!
You are too injured to fight recklessly!
You are too injured to fight recklessly!
You are too injured to fight recklessly!
You are too injured to fight recklessly!
You are too injured to fight recklessly!
You are too injured to fight recklessly!
You are too injured to fight recklessly!
You are too injured to fight recklessly!
You are too injured to fight recklessly!
You are too injured to fight recklessly!
You are too injured to fight recklessly!
You are too injured to fight recklessly!
You are too injured to fight recklessly!
You are too injured to fight recklessly!
You are too injured to fight recklessly!
You are too injured to fight recklessly!
You are too injured to fight recklessly!
You are too injured to fight recklessly!
You are too injured to fight recklessly!
You are too injured to fight recklessly!
You are too injured to fight recklessly!
You are too injured to fight recklessly!
You are too injured to fight recklessly!
You are too injured to fight recklessly!
You are too injured to fight recklessly!
You don't have enough innate magic capacity.
The orc priest invokes the aid of Beogh against you.
You easily resist.
The orc barely misses you.
You hear some strange, mumbled words.
A puff of frost appears from out of thin air!
The puff of frost hits you.
Things that are here:
a +0 falchion; a +0 dagger; an orc corpse The orc warrior hits you with a +0 glaive.
An orc wizard comes into view. It is wielding a +0 dagger.
You block the orc warrior's attack.
The orc warrior hits you but does no damage.
The orc hits you but does no damage. Something hits you but does no damage.
You hit the orc warrior.
The orc warrior is lightly wounded.
You slash something!
Your plate armour prevents you from hitting the orc.
You hit the orc priest but do no damage.
You hit the orc warrior. You barely miss the orc warrior.
You closely miss the orc.
The orc priest invokes the aid of Beogh against you.
Beogh smites you!
* * * LOW HITPOINT WARNING * * *
You block the orc warrior's attack. The orc hits you but does no damage. x2
The orc warrior completely misses you.
The orc warrior hits you but does no damage.
Something hits you but does no damage.
You slash the orc warrior!
The orc warrior is moderately wounded.
You closely miss something. You hit the orc.
You hit the orc priest but do no damage.
You closely miss the orc warrior. You hit the orc warrior.
You closely miss the orc.
The orc priest mumbles some strange prayers to Beogh against you.
Beogh smites you!
* * * LOW HITPOINT WARNING * * *
The orc hits you but does no damage. You block the orc warrior's attack.
The orc hits you but does no damage. Something hits you but does no damage.
You hit the orc warrior.
The orc warrior is heavily wounded.
You hit the orc. You barely miss the orc warrior. You slash the orc warrior!
You slash the orc priest! You slash the orc!
You kill the orc!
Makhleb accepts your kill.
You feel better.
You hit something. Makhleb accepts your kill.
Reactivating autopickup.
You feel a bit more experienced. You block the orc warrior's attack.
The orc warrior hits you but does no damage.
You block the orc's attack. The orc priest completely misses you.
You hit the orc warrior.
The orc warrior is severely wounded.
You closely miss the orc. You barely miss the orc warrior.
You slash the orc warrior! You slash the orc priest!
You kill the orc priest!
Makhleb accepts your kill.
You feel better.
Your Invocations skill increases to level 7!
You hit the orc but do no damage. The orc hits you but does no damage.
The orc warrior hits you with a +0 glaive!
* * * LOW HITPOINT WARNING * * *
You block the orc warrior's attack.
The orc wizard casts a spell.
The orc wizard blinks!
The orc hits you but does no damage. The orc hits you but does no damage.
You block the orc warrior's attack. The orc warrior barely misses you.
The orc warrior hits you from afar with a +0 halberd!
You die...

,, ..........................#
,,,.........................##
,,, ........................##
,, ,.....................#.##
, .....................### ,
........##############*
........##8##* ##* * ,
,....#.).#oo.#...#., ,
*,...#..))).@..§.... , , #.
#.#..ooo....... , , , * ** *
#####.......... ,,,*
##...#..o#. ,* *,≈ ##8###.##*
### *## * *


You could see 3 orc warriors, an orc wizard and 2 orcs.

Vanquished Creatures
  Harold (D:9)
  Erica (D:9)
  2 two-headed ogres
  A gargoyle (D:9)
  Maggie (D:9)
  3 meliai (D:10)
  A troll (D:10)
  Prince Ribbit (D:5)
  Sigmund (D:3)
  8 yaks
  A wyvern (D:8)
  Grum (D:8)
  A steam dragon (D:10)
  Menkaure (D:5)
  3 wargs (D:10)
  A water moccasin (D:10)
  2 sky beasts
  4 orc warriors
  3 ice beasts
  3 ogres
  3 necrophages
  2 phantoms
  3 centaurs (D:7)
  3 wolves (D:8)
  A crocodile (D:8)
  Blork the orc (D:5)
  3 bullfrogs
  6 water moccasin zombies (Ossuary)
  A wyvern skeleton (D:10)
  4 scorpions
  2 wights (D:8)
  A centaur zombie (D:7)
  A bullfrog zombie (D:9)
  8 orc priests
  3 hounds
  A bullfrog skeleton (D:4)
  4 worker ants
  14 orc wizards
  An iguana (D:7)
  4 big kobold zombies (Ossuary)
  2 mummies (Ossuary)
  3 gnolls (D:6)
  8 adders
  A shadow imp (D:10)
  3 white imps
  2 ufetubi
  An ooze (D:7)
  8 adder zombies
  3 adder skeletons
  A worm (D:4)
  6 leopard geckos
  48 orcs
  2 bats (D:3)
  2 giant cockroaches
  3 hobgoblins (D:1)
  3 jackals (D:6)
  3 quokkas
  A frilled lizard (D:3)
  3 gnoll zombies (Ossuary)
  5 goblins
  6 hobgoblin zombies (Ossuary)
  A jackal zombie (D:5)
  4 kobolds
  6 kobold zombies (Ossuary)
  3 orc zombies (Ossuary)
  A quokka skeleton (D:5)
  2 rats (D:3)
237 creatures vanquished.

Vanquished Creatures (others)
  A plant (D:10)
  4 withered plants (D:8)
5 creatures vanquished.

Grand Total: 242 creatures vanquished

Notes
Turn   | Place    | Note
-------+----------+-------------------------------------------
     0 | D:1      | EnegeticOcto the Deep Dwarf Fighter began the quest for the
                  | Orb.
     0 | D:1      | Reached XP level 1. HP: 20/20 MP: 1/1
   141 | D:1      | Reached XP level 2. HP: 22/27 MP: 2/2
   302 | D:3      | Reached skill level 3 in Axes
   359 | D:3      | Reached XP level 3. HP: 24/33 MP: 3/3
   407 | D:3      | Noticed Sigmund
   420 | D:3      | Killed Sigmund
   420 | D:3      | Reached skill level 4 in Axes
   420 | D:3      | Reached XP level 4. HP: 30/42 MP: 4/4
   420 | D:3      | Reached XP level 5. HP: 36/49 MP: 5/5
   520 | D:4      | Found a sand-covered staircase.
   530 | D:4      | Reached XP level 6. HP: 32/56 MP: 6/6
   540 | Ossuary  | Entered an ossuary
   608 | Ossuary  | Reached skill level 5 in Axes
   663 | Ossuary  | Reached XP level 7. HP: 46/64 MP: 7/7
   692 | Ossuary  | Reached skill level 5 in Armour
   692 | Ossuary  | Reached skill level 5 in Shields
   722 | Ossuary  | Reached skill level 6 in Axes
  1231 | D:4      | Found an ancient bone altar of Kikubaaqudgha.
  1313 | D:5      | Entered Level 5 of the Dungeon
  1339 | D:5      | Found Cassas's Book Emporium.
  1341 | D:5      | Noticed Menkaure
  1351 | D:5      | Killed Menkaure
  1372 | D:5      | Reached XP level 8. HP: 32/73 MP: 8/8
  1374 | D:5      | Found a radiant altar of Vehumet.
  1402 | D:5      | Noticed Blork the orc
  1412 | D:5      | Killed Blork the orc
  1505 | D:5      | Found a sparkling altar of Nemelex Xobeh.
  1568 | D:5      | Noticed Prince Ribbit
  1593 | D:5      | Reached skill level 7 in Axes
  1681 | D:5      | Found a glowing golden altar of the Shining One.
  1931 | D:5      | Killed Prince Ribbit
  1931 | D:5      | Reached skill level 5 in Fighting
  2061 | D:6      | Reached skill level 8 in Axes
  2906 | D:7      | Gained mutation: You passively map the area around you.
                  | [Deep Dwarf growth]
  2906 | D:7      | Reached XP level 9. HP: 51/81 MP: 6/6
  3006 | D:7      | Found a staircase to the Ecumenical Temple.
  3022 | Temple   | Entered the Ecumenical Temple
  3026 | Temple   | Became a worshipper of Makhleb the Destroyer
  3038 | D:7      | Reached skill level 9 in Axes
  3038 | D:7      | Reached skill level 1 in Invocations
  3289 | D:7      | Found a glowing silver altar of Zin.
  3408 | D:8      | Found an iron altar of Okawaru.
  3437 | D:8      | Found a shattered altar of Ashenzari.
  3445 | D:8      | Noticed Grum
  3460 | D:8      | Killed Grum
  3680 | D:8      | Reached skill level 10 in Axes
  3684 | D:8      | Reached XP level 10. HP: 51/92 MP: 8/8
  3710 | D:8      | Reached * piety under Makhleb
  3841 | D:9      | Noticed a gargoyle
  3860 | D:9      | Killed a gargoyle
  3878 | D:9      | Noticed Erica
  3918 | D:9      | Killed Erica
  3918 | D:9      | Reached skill level 5 in Invocations
  3946 | D:9      | Noticed a two-headed ogre
  3960 | D:9      | Killed a two-headed ogre
  3960 | D:9      | Reached skill level 11 in Axes
  4091 | D:9      | Noticed Maggie
  4109 | D:9      | Killed Maggie
  4141 | D:9      | Found a hide-covered altar of Uskayaw.
  4141 | D:9      | Noticed a +0 dagger
  4142 | D:9      | Noticed a +0 hand axe
  4337 | D:9      | Noticed Harold
  4360 | D:9      | Killed Harold
  4360 | D:9      | Reached XP level 11. HP: 70/100 MP: 2/2
  4397 | D:9      | Reached ** piety under Makhleb
  4565 | D:10     | Entered Level 10 of the Dungeon
  4565 | D:10     | Found Woumanuked's Armour Emporium.
  4604 | D:10     | Found a staircase to the Lair.
  4826 | D:10     | Noticed a two-headed ogre
  4836 | D:10     | Killed a two-headed ogre
  4836 | D:10     | Reached skill level 12 in Axes
  4917 | D:10     | Slain by an orc warrior

Illustrated notes

Levels and vault maps discovered:
D:1:      zelgadis_glass_arrival_large, layout_basic
D:2:      wander_river, layout_loops_ring, fedhas_altar_1,
          nicolae_qazlal_style_of_elements
D:3:      layout_loops_ring, minmay_misc_feat_five, uniq_sigmund
D:4:      layout_loops_ring, lemuel_round_altar, nicolae_ossuary_entry_ruins
D:5:      layout_basic, nemelex_xobeh_ov_fountains_minmay,
          nicolae_overflow_crystal_walls, vehumet_altar_wand_db, serial_shops,
          shop, uniq_menkaure, uniq_prince_ribbit1, uniq_blork_the_orc
D:6:      layout_basic, hex_intersection
D:7:      layout_rooms, zin_scriptorium, minmay_temple_entry_tees
D:8:      layout_rooms, ashenzari_altar_1, okawaru_gym_becter, serial_undead,
          serial_undead_e, serial_undead_b, serial_undead_e, serial_undead_c,
          uniq_grum
D:9:      layout_roguey, dancing_weapons_uskayaw, uniq_maggie, uniq_erica,
          uniq_harold
D:10:     layout_big_octagon, erik_lair_orcish_takeover, david_orc_4,
          serial_shops, shop
Temple:   nicolae_temple_x_marks_the_god

Skill      XL: |  1  2  3  4  5  6  7  8  9 10 11 |
---------------+----------------------------------+-----
Axes           | 3 4 5 6 8 10 11 12 | 12.0
Fighting       | 3 4 5 6 7 |  7.6
Armour         | 4 5 6 7 8 9 |  9.1
Shields        | 4 5 6 7 8 9 |  9.2
Invocations    | 3 6 7 |  7.0

Action                   |  1- 3 |  4- 6 |  7- 9 | 10-12 || total
-------------------------+-------+-------+-------+-------++-------
Melee: War axe           |    80 |   117 |   457 |   343 ||   997
 Abil: Heal Wounds       |     1 |     2 |    21 |    30 ||    54
Evoke: Wand              |       |       |       |     8 ||     8
  Use: Scroll            |       |       |    15 |     4 ||    19
       Potion            |       |       |       |     1 ||     1
Armor: Scale mail        |    47 |    53 |   145 |       ||   245
       Plate armour      |       |       |    38 |   197 ||   235
Dodge: Dodged            |    24 |    44 |   119 |    85 ||   272
Block: Kite shield       |    49 |    69 |   266 |   246 ||   630

Table legend: (Time is in decaauts)
 A = Elapsed time spent in this place.
 B = Non-inter-level travel time spent in this place.
 C = Inter-level travel time spent in this place.
 D = Time resting spent in this place.
 E = Time spent auto-exploring this place.
 F = Levels seen in this place.
 G = Mean time per level.
                   A        B        C        D        E       F      G
               +--------+--------+--------+--------+--------+-----+--------+
         Total |   5100 |   4937 |    163 |      0 |   3088 |  12 |  425.0 |
       Dungeon |   4794 |   4634 |    160 |      0 |   3058 |  10 |  479.4 |
        Temple |      8 |      5 |      3 |      0 |      0 |   1 |    8.0 |
       Ossuary |    297 |    297 |      0 |      0 |     30 |   1 |  297.0 |
               +--------+--------+--------+--------+--------+-----+--------+

Top non-repeatable levels by time:
     D:6: 935 daAuts
     D:9: 761 daAuts
     D:4: 654 daAuts
     D:5: 644 daAuts
     D:7: 541 daAuts
     D:8: 450 daAuts
    D:10: 347 daAuts
 Ossuary: 297 daAuts
     D:1: 201 daAuts
     D:3: 159 daAuts
     D:2: 98 daAuts
  Temple: 8 daAuts
